 Dungeon Crawl Stone Soup version 0.26-a0-642-g67e99244d3 (webtiles) character file.

Game seed: 7235840380584175894

67 DogServant the Insei (level 3, -2/31 HPs)
             Began as a Draconian Transmuter on Sept 22, 2020.
             Slain by a sky beast (6 damage)
             ... on level 3 of the Dungeon.
             The game lasted 00:02:36 (1521 turns).

DogServant the Insei (Draconian Transmuter)         Turns: 1521, Time: 00:02:38

Health: -2/31      AC:  5    Str: 12    XL:     3   Next: 98%
Magic:  5/6        EV: 12    Int: 13    God:
Gold:   20         SH:  0    Dex: 12    Spells: 3/6 levels left

rFire    . . .     SeeInvis .     - Unarmed
rCold    . . .     Faith    .   (no shield)
rNeg     . . .     Spirit   .   (armour unavailable)
rPois    .         Reflect  .   (helmet currently unavailable)
rElec    .         Harm     .   (no cloak)
rCorr    .         Rampage  .   (no gloves)
MR       .....                  (boots currently unavailable)
Stlth    +.........             (no amulet)
HPRegen  0.10/turn              (no ring)
MPRegen  0.10/turn              (no ring)

@: lethally poisoned (-2 -> -6), appendages (expiring)
A: unfitting armour, horns 2, talons 2, cold-blooded, AC +5
a: End Transformation


You were on level 3 of the Dungeon.
You had grown temporary horns.
You had grown temporary talons.
You visited 1 branch of the dungeon, and saw 3 of its levels.

You collected 20 gold pieces.

Inventory:

Scrolls
 a - a scroll of fear
 c - a scroll of amnesia {unknown}
 d - 4 scrolls of teleportation
 e - 2 scrolls of enchant weapon
Potions
 b - a potion of flight
 f - a potion of heal wounds
 g - 2 potions of mutation {unknown}


   Skills:
 + Level 3.0 Fighting
 + Level 2.0 Dodging
 + Level 4.0 Unarmed Combat
 - Level 2.0 Spellcasting
 - Level 2.0 Transmutations


You had 3 spell levels left.
You knew the following spells:

 Your Spells              Type           Power        Failure   Level
a - Beastly Appendage     Tmut           #.....       11%         1
b - Wereblood             Tmut           #.......     17%         2

Your spell library contained the following spells:

 Spells                   Type           Power        Failure   Level
 Spider Form              Tmut/Pois      #.........   45%         3
 Ice Form                 Ice/Tmut       #.......     86%         4
 Blade Hands              Tmut           #.........   97%         5


Dungeon Overview and Level Annotations

Branches:
Dungeon (3/15)

Altars:

Annotations:
D:2 Natasha


Innate Abilities, Weirdness & Mutations

Your plain brown scales are hard. (AC +5)
You cannot fit into any form of body armour.
You are cold-blooded and may be slowed by cold attacks.
You have a pair of horns on your head.
You have razor-sharp toenails.


Message History

You kill the adder!
Your Fighting skill increases to level 3!
Your Dodging skill increases to level 2!
Your Unarmed Combat skill increases to level 4!
Something hits you. Something shocks you.
You completely miss the rat.
You feel sick.
A bat comes into view.
An orc comes into view.
Something hits you but does no damage. The rat bites you but does no damage.
You barely miss the rat.
Your transformation is almost over.
Something hits you. Something shocks you.
* * * LOW HITPOINT WARNING * * *
The rat closely misses you.
You hit the rat.
You kill the rat!
* * * LOW HITPOINT WARNING * * *
You feel sick. Something hits you.
* * * LOW HITPOINT WARNING * * *
Something shocks you.
You die...

# .# .g ## .. . #b#.#
#. #.. ..{.##.##..
.?..... #.b.#
###h#######
#..g.....[#
#@##......# .#
#†##......# #.#
..##......#####.##
....+..............
#...##......####.(..
....########........
.############........
.. $..............
########.##....


You could see a jackal, a hobgoblin and a bat.

Vanquished Creatures
  Natasha (D:2)
  An adder (D:3)
  A dart slug (D:2)
  2 leopard geckos
  4 goblins
  4 hobgoblins (D:1)
  4 bats
  3 frilled lizards (D:1)
  5 kobolds
  3 rats
28 creatures vanquished.

Notes
Turn   | Place    | Note
-------+----------+-------------------------------------------
     0 | D:1      | DogServant the Draconian Transmuter began the quest for the
                  | Orb.
     0 | D:1      | Reached XP level 1. HP: 16/16 MP: 3/3
   409 | D:1      | Reached XP level 2. HP: 23/24 MP: 5/5
  1072 | D:2      | Noticed Natasha
  1085 | D:2      | Killed Natasha
  1085 | D:2      | Reached XP level 3. HP: 3/30 MP: 6/6
  1089 | D:2      | Learned a level 2 spell: Wereblood
  1470 | D:2      | Noticed Natasha
  1510 | D:3      | Noticed a sky beast
  1518 | D:3      | Reached skill level 4 in Unarmed Combat
  1521 | D:3      | Slain by a sky beast

Illustrated notes

Levels and vault maps discovered:
D:1:      evilmike_arrival_crescent, layout_rooms
D:2:      layout_loops_corners, lemuel_round_altar, overflow_temple_1_default,
          serial_co_window_serial, co_window_paths_a, co_window_corner_a,
          co_window_paths_a, co_window_paths_a, co_window_paths_a,
          co_window_corner_a, co_window_corner_b, co_window_unsneaky_path_a,
          co_window_cross_4, co_window_corner_b, glass_columns_b,
          glass_columns_b, hangedman_decor_diamond_cutter,
          roderic_serpentine_path, uniq_natasha
D:3:      layout_basic, biasface_ghost_orc_armoury, lightli_sewer_entry_pipes,
          minmay_ruptured, uniq_ijyb

Skill      XL: |  1  2  3 |
---------------+----------+-----
Fighting       | 2 3 |  3.0
Dodging        | 2 |  2.0
Unarmed Combat | 4 |  4.0
Spellcasting   | |  2.0
Transmutations | |  2.0

Action                   || total
-------------------------++-------
Melee: Unarmed           ||   102
       Tailslap          ||     6
       Kick              ||     9
       Punch             ||     1
       Headbutt          ||     5
 Cast: Beastly Appendage ||    12
  Use: Scroll            ||     5
Armor: Skin              ||    30
Dodge: Dodged            ||    63

Table legend: (Time is in decaauts)
 A = Elapsed time spent in this place.
 B = Non-inter-level travel time spent in this place.
 C = Inter-level travel time spent in this place.
 D = Time resting spent in this place.
 E = Time spent auto-exploring this place.
 F = Levels seen in this place.
 G = Mean time per level.
                   A        B        C        D        E       F      G
               +--------+--------+--------+--------+--------+-----+--------+
         Total |   1534 |   1523 |     11 |    158 |   1136 |   3 |  511.3 |
       Dungeon |   1534 |   1523 |     11 |    158 |   1136 |   3 |  511.3 |
               +--------+--------+--------+--------+--------+-----+--------+

Top non-repeatable levels by time:
     D:1: 1051 daAuts
     D:2: 424 daAuts
     D:3: 58 daAuts
